 Dungeon Crawl Stone Soup version 0.31-a0-692-gf03d1854d5 (webtiles) character file.

Game seed: 7271974783593183383

5 qw the Shooter (level 1, -2/12 HPs)
             Began as a Gargoyle Hunter on Sept 6, 2023.
             Slain by a goblin
             ... wielding a +0 dagger
              (3 damage)
             ... on level 1 of the Dungeon.
             The game lasted 00:00:02 (72 turns).

qw the Shooter (Gargoyle Hunter)                      Turns: 72, Time: 00:00:03

Health: -2/12      AC:  5    Str: 14    XL:     1   Next: 80%
Magic:  1/1        EV: 11    Int:  9    God:
Gold:   9          SH:  0    Dex: 13    Spells: 0/0 levels left

rFire   . . .        a - +0 shortbow
rCold   . . .        (shield currently unavailable)
rNeg    + . .        c - +0 leather armour
rPois   inf          (no helmet)
rElec   +            (no cloak)
rCorr   .            (no gloves)
SInv    .            (no boots)
Will    .....        (no amulet)
Stlth   +            (no ring)
HPRegen 0.22/turn    (no ring)
MPRegen 0.07/turn

%: no passive effects
@: no status effects
A: sickness immunity, AC +2, negative energy resistance 1, electricity
resistance, torment resistance 1, petrification resistance
a: no special abilities


You were on level 1 of the Dungeon.
You visited 1 branch of the dungeon, and saw 1 of its levels.

You collected 9 gold pieces.


Innate Abilities, Weirdness & Mutations

You are immune to sickness and miasma.
Your stone body is resilient. (AC +2)
You are immune to poison.
You resist negative energy. (rN+)
You are resistant to electric shocks. (rElec)
You are resistant to unholy torment.
You are immune to petrification.


   Skills:
 - Level 2.1 Fighting
 + Level 4.3 Ranged Weapons
 - Level 1.5 Dodging
 - Level 1.1 Stealth


You couldn't memorise any spells.
You didn't know any spells.
Your spell library was empty.

Inventory:

Hand Weapons
 a - a +0 shortbow (weapon)
Armour
 c - a +0 leather armour (worn)
Scrolls
 b - a scroll of butterflies
 d - a scroll of enchant armour {unknown}

Dungeon Overview and Level Annotations

Branches:
Dungeon (1/15)

Altars:


Message History

You shoot an arrow.
The arrow hits the rat but does no damage.
The rat closely misses you.
You shoot an arrow. The arrow barely misses the goblin.
The rat bites you but does no damage. The goblin barely misses you.
You shoot an arrow. The arrow completely misses the goblin.
The rat bites you. The goblin hits you but does no damage.
The ball python closely misses you. The ball python misses you.
You shoot an arrow. The arrow hits the goblin.
The goblin is heavily wounded.
The rat bites you but does no damage. The goblin hits you but does no damage.
The ball python closely misses you. The ball python grabs you.
The ball python constricts you.
A goblin comes into view. It is wielding a +0 dagger.
You shoot an arrow. The arrow hits the ball python.
The ball python is moderately wounded.
The ball python bites you but does no damage.
The ball python constricts you. The rat bites you.
The goblin hits you with a +0 club. The ball python barely misses you.
The ball python constricts you. The goblin barely misses you.
The rat closely misses you.
You shoot an arrow. The arrow hits the ball python!
You kill the ball python!
The rat bites you but does no damage. The goblin barely misses you.
You shoot an arrow. The arrow barely misses the goblin.
The rat closely misses you. The goblin closely misses you.
You shoot an arrow. The arrow barely misses the goblin.
The rat bites you but does no damage. The goblin barely misses you.
You shoot an arrow. The arrow closely misses the goblin.
The rat bites you. The goblin misses you.
You shoot an arrow. The arrow hits the goblin!
You kill the goblin!
The rat barely misses you. The rat bites you.
You shoot an arrow. The arrow hits the goblin.
The goblin is moderately wounded.
The goblin misses you. The rat barely misses you.
The goblin hits you with a +0 dagger.
You shoot an arrow. The arrow barely misses the goblin.
The rat bites you. The goblin hits you with a +0 dagger.
You die...

#. #. ### #.. #.. ...
#... #.# ^.. ...##.#
... #....######. #.#
#.?r.g...... #.#
.###.##@## #.#
#........# #.#
####.##).# ##.## #
#..# #.... #..# #.##.
#..# #.##.
#..#.#########.##.
#..#...........##.
#####..######.#######.


You could see a goblin and a rat.

Vanquished Creatures
  A ball python (D:1)
  A goblin (D:1)
  A bat (D:1)
  2 kobolds (D:1)
5 creatures vanquished.

Notes
Turn   | Place    | Note
-------+----------+-------------------------------------------
     0 | D:1      | qw the Gargoyle Hunter began the quest for the Orb.
     0 | D:1      | Reached XP level 1. HP: 12/12 MP: 1/1
     0 | D:1      | 0 ||| qw: Version: 0.3-a-76-g4403597
     0 | D:1      | 0 ||| qw: Game counter: 146
     0 | D:1      | 0 ||| qw: Melee chars always use a shield: true
     0 | D:1      | 0 ||| qw: God list: Okawaru
     0 | D:1      | 0 ||| qw: Allow faded altars: false
     0 | D:1      | 0 ||| qw: Do Orc after clearing Dungeon:15 true
     0 | D:1      | 0 ||| qw: Do second Lair branch before Depths: true
     0 | D:1      | 0 ||| qw: Lair rune preference: random
     0 | D:1      | 0 ||| qw: Goals: Normal
     0 | D:1      | 0 ||| PLANNING D:1-11
    71 | D:1      | HP: 3/12 [goblin/+0 dagger (1)]
    72 | D:1      | HP: 1/12 [rat (3)]
    72 | D:1      | Slain by a goblin

Levels and vault maps discovered:
D:1:      elethiomel_arrival_shortcut, layout_loops_ring, serial_rivers,
          chequers_serial_rivers_micro_d, chequers_serial_rivers_marsh,
          chequers_serial_rivers_micro_c, chequers_serial_rivers_micro_a,
          chequers_serial_rivers_small_b

Action                     || total
---------------------------++-------
   Fire: Shortbow          ||    19
 Armour: Leather armour    ||    15
  Dodge: Dodged            ||    17

Table legend:
 A = Non-vault XP
 B = Vault XP
 C = Vault XP percentage of total XP
 D = Non-vault monster count
 E = Vault monster count
 F = Vault count percentage of total count
                 A         B        C        D         E       F
            +---------+---------+-------+---------+---------+-------
      Total |       8 |       0 |   0.0 |       5 |       0 |   0.0
            +---------+---------+-------+---------+---------+-------
        D:1 |       8 |       0 |   0.0 |       5 |       0 |   0.0
            +---------+---------+-------+---------+---------+-------
